 Dungeon Crawl Stone Soup version 0.31-a0-963-ga325b2283a (webtiles) character file.

Game seed: 3391754482856524493

6470 Bnni the Artisan of Death (level 10, -18/77 HPs)
             Began as a Demonspawn Necromancer on Oct 24, 2023.
             Was a Priest of Kikubaaqudgha.
             Demolished by an orc warlord
             ... wielding a +5 battleaxe
              (25 damage)
             ... in a bailey.
             The game lasted 00:22:09 (9205 turns).

Bnni the Artisan of Death (Demonspawn Necromancer)  Turns: 9205, Time: 00:22:09

Health: -18/77     AC: 18    Str: 10    XL:     10   Next: 68%
Magic:  3/19       EV: 15    Int: 18    God:    Kikubaaqudgha [***...]
Gold:   418        SH:  0    Dex: 15    Spells: 3/22 levels left

rFire   + . .        e - +2 bardiche (freeze)
rCold   + . .        (shield currently unavailable)
rNeg    . . .        I - +4 ring mail
rPois   .            G - +0 helmet
rElec   .            r - scarf {rC+ rF+}
rCorr   .            (no gloves)
SInv    .            h - +0 pair of boots
Will    .....        d - amulet of regeneration
Stlth   +            c - +5 ring of evasion
HPRegen 1.12/turn    z - +4 ring of protection
MPRegen 0.16/turn

%: no passive effects
@: mighty, animating dead
A: icy blue scales 2, demonic guardian 2, weakness stinger 1
a: Renounce Religion, Unearth Wretches


You were in a bailey.
You worshipped Kikubaaqudgha.
Kikubaaqudgha was most pleased with you.
You visited 2 branches of the dungeon, and saw 11 of its levels.
You also visited: Bailey.

You collected 550 gold pieces.
You spent 132 gold pieces at shops.

Inventory:

Hand Weapons
 e - a +2 bardiche of freezing (weapon)
Missiles
 J - 14 poisoned darts
Armour
 h - a +0 pair of boots (worn)
 r - a scarf of resistance (worn)
 G - a +0 helmet (worn)
 I - a +4 ring mail (worn)
Jewellery
 c - a +5 ring of evasion (left hand)
 d - an amulet of regeneration (around neck)
 n - a ring of wizardry
 q - a ring of poison resistance
 v - a ring of see invisible
 z - a +4 ring of protection (right hand)
 D - a ring of protection from fire
Wands
 t - a wand of roots (3)
 x - a wand of quicksilver (7)
 E - a wand of paralysis (8)
Scrolls
 a - a scroll of poison
 f - 3 scrolls of enchant armour {unknown}
 j - 3 scrolls of revelation {unknown}
 k - a scroll of brand weapon
 o - 3 scrolls of blinking
 p - 3 scrolls of vulnerability {unknown}
 u - a scroll of teleportation {unknown}
 y - 2 scrolls of noise {unknown}
 C - 4 scrolls of fog
 F - 2 scrolls of immolation {unknown}
Potions
 b - a potion of magic
 g - a potion of cancellation
 m - 2 potions of might
 s - 2 potions of brilliance
 w - a potion of attraction
 B - 4 potions of heal wounds
 H - a potion of berserk rage {unknown}
 K - a potion of curing


   Skills:
 + Level 6.7 Fighting
 * Level 8.1 Polearms
 + Level 1.4 Armour
 - Level 2.0 Dodging
 - Level 1.7 Stealth
 + Level 6.6 Spellcasting
 + Level 11.1 Necromancy
 + Level 0.4 Earth Magic


You had 3 spell levels left.
You knew the following spells:

 Your Spells              Type           Power      Damage    Failure   Level
a - Necrotise             Necr           100%       1d9       1%          1
c - Vampiric Draining     Necr           45%        2d9       1%          3
d - Animate Dead          Necr           45%        N/A       3%          4
f - Dispel Undead         Necr           45%        3d17      3%          4
h - Borgnjor's Vile Clut  Necr/Erth      13%        N/A       58%         5
s - Sublimation of Blood  Necr           45%        N/A       1%          2

Your spell library contained the following spells:

 Spells                   Type           Power      Damage    Failure   Level
 Kiss of Death            Conj/Necr      100%       2d13      3%          1
 Magic Dart               Conj           20%        1d4       28%         1
 Summon Small Mammal      Summ           20%        N/A       28%         1
 Call Imp                 Summ           10%        N/A       41%         2
 Ensorcelled Hibernation  Hex/Ice        10%        N/A       41%         2
 Jinxbite                 Hex            10%        N/A       41%         2
 Call Canine Familiar     Summ           5%         N/A       65%         3
 Inner Flame              Hex/Fire       5%         N/A       65%         3
 Mephitic Cloud           Conj/Pois/Air  5%         N/A       65%         3
 Summon Guardian Golem    Hex/Summ       5%         N/A       65%         3
 Agony                    Necr           45%        N/A       9%          5
 Anguish                  Hex/Necr       12%        N/A       28%         4
 Flame Wave               Conj/Fire      5%         2d5       96%         4
 Sticky Flame             Conj/Fire      5%         2d3       96%         4
 Simulacrum               Ice/Necr       12%        N/A       99%         6


Dungeon Overview and Level Annotations

Branches:
Dungeon (10/15)            Temple (1/1) D:5          Bailey (1/1)
   Lair: D:8-11         Orc: D:9-12

Altars:
Ashenzari
Cheibriados
Dithmenos
Fedhas
Gozag
Hepliaklqana
Kikubaaqudgha
Makhleb
Nemelex Xobeh
Okawaru
Qazlal
Ru
Sif Muna
Trog
Uskayaw
Vehumet
Wu Jian
Xom
Yredelemnul

Shops:
D:3 :   D:8 !


Innate Abilities, Weirdness & Mutations

You are mostly covered in icy blue scales. (AC +3)
A demonic guardian rushes to your aid.
You have a small tail.


Message History

Your orc warrior zombie hits the orc warlord.
Your gnoll zombie hits the orc warlord but does no damage.
The orc misses you.
The orc hits your orc warrior zombie with a +0 hand axe!
Your orc warrior zombie is destroyed!
The orc warlord hits you with a +5 battleaxe!
The orc warlord hits your gnoll zombie with a +5 battleaxe!!
Your gnoll zombie is destroyed!
You slash the orc warlord! You freeze the orc warlord.
The orc warlord is heavily wounded.
The orc warlord hits you with a +5 battleaxe!
The orc hits you with a +0 hand axe. The orc warlord barely misses you.
The orc barely misses you.
Unknown command.
Unknown command.
Casting: Animate Dead (dangerous; 3% risk of failure)
Confirm with . or Enter, or press ? or * to list all spells.
Aiming: Vampiric Draining (safe; 1% risk of failure)
Press: ? - help, Shift-Dir - straight line, f - orc warlord
Aim: an orc warlord, wielding a +5 battleaxe and wearing a +0 chain mail (heavily wounded)
You draw life force from the orc warlord!
You feel life coursing into your body!
The orc warlord hits you but does no damage.
The orc hits you but does no damage.
Unknown command.
You slash the orc warlord! You freeze the orc warlord.
You tail-slap the orc warlord, but do no damage.
The orc warlord is severely wounded.
The orc warlord barely misses you. The orc hits you with a +0 hand axe!
Unknown command.
You slash the orc warlord! You freeze the orc warlord.
The orc warlord is almost dead.
The orc warlord hits you with a +5 battleaxe!
* * * LOW HITPOINT WARNING * * *
The orc hits you with a +0 hand axe!
* * * LOW HITPOINT WARNING * * *
A demonic guardian appears!
The orc warlord hits you with a +5 battleaxe!!
You die...
Kikubaaqudgha rasps: "You have failed me!
Welcome... death!"

♣∩...~~~.#~....∩....~#.~~~...∩♣
♣♣...~~~.#~.........~#.~)(...♣♣
♣...~~~.#~~.8...8.~~#.~~~...♣
♣♣..###'###.......###'###..♣♣
♣.##....#~.8...8.~#....##.♣
♣##.....#~~~~~~~~~#.....##♣
##.....)####~~~####......##
#...8)))...#'oo#......8...#
#..........(.@..).........#
#.)........)....).........#
##..8..8.....4.†...8..8..##
##......(#######.......##
##.....## ##.....## ##...##
##...## ##### #####


You could see an orc warlord (ally target), an orc (strong) and a friendly rust
devil (summoned).

Vanquished Creatures
  2 unseen horror zombies (D:9)
  2 wyverns
  6 yaks
  A steam dragon (D:7)
  A vampire mosquito (D:8)
  2 water moccasins
  2 sky beasts
  2 orc warriors (Bailey)
  3 ice beasts
  2 black bears
  4 ogres
  3 phantoms
  3 kobold brigands
  2 scorpions
  3 killer bees (D:8)
  4 centaur zombies (D:9)
  Crazy Yiuf (D:4)
  A jelly (D:6)
  5 orc priests
  A sleepcap (D:4)
  5 iguanas
  10 orc wizards
  A killer bee zombie (D:9)
  2 howler monkey zombies (D:9)
  4 adders
  10 gnolls
  2 shadow imps (D:7)
  2 white imps
  3 ufetubi (D:5)
  6 worms
  6 dart slugs
  27 orcs
  8 endoplasms
  2 giant cockroaches (D:4)
  9 goblins
  10 hobgoblins
  4 jackals (D:5)
  28 kobolds
  5 quokkas
  8 ball pythons
  4 bats
  3 frilled lizards
  6 rats
215 creatures vanquished.

Vanquished Creatures (collateral kills)
  3 yaks
  A steam dragon (D:7)
  4 orc warriors
  A phantom (D:7)
  2 scorpions (D:7)
  A killer bee (D:7)
  3 orc priests
  A hound (D:7)
  2 gnoll boudas
  3 orc wizards
  2 gnolls
  An ufetubus (D:5)
  A dart slug (D:3)
  12 orcs
  3 kobolds (Bailey)
40 creatures vanquished.

Vanquished Creatures (others)
  An orc warrior (Bailey)
  A yak zombie (D:8)
  A black bear zombie (D:8)
  2 killer bee zombies (D:8)
  7 gnolls (Bailey)
  An adder zombie (D:3)
  2 orcs
  7 gnoll zombies
  2 goblin zombies (Bailey)
  A hobgoblin zombie (Bailey)
  A jackal zombie (D:5)
  6 kobold zombies (Bailey)
  18 orc zombies
50 creatures vanquished.

Grand Total: 305 creatures vanquished

Notes
Turn   | Place    | Note
-------+----------+-------------------------------------------
     0 | D:1      | Bnni the Demonspawn Necromancer began the quest for the
                  | Orb.
     0 | D:1      | Reached XP level 1. HP: 13/13 MP: 3/3
   386 | D:1      | Gained mutation: You have a small tail. [demonic ancestry]
   386 | D:1      | Reached XP level 2. HP: 18/20 MP: 0/5
   916 | D:2      | Reached skill level 1 in Fighting
  1059 | D:2      | Reached skill level 5 in Necromancy
  1059 | D:2      | Gained mutation: You are partially covered in icy blue
                  | scales. (AC +2) [demonic ancestry]
  1059 | D:2      | Reached XP level 3. HP: 22/26 MP: 1/6
  1162 | D:2      | Learned a level 3 spell: Vampiric Draining
  1792 | D:2      | Found a faded altar of an unknown god.
  1970 | D:3      | Gained mutation: A weak demonic guardian rushes to your
                  | aid. [demonic ancestry]
  1970 | D:3      | Reached XP level 4. HP: 31/32 MP: 3/7
  2217 | D:3      | Found Poqea's Vocational Training.
  2414 | D:3      | Learned a level 4 spell: Animate Dead
  2576 | D:3      | Gained mutation: A demonic guardian rushes to your aid.
                  | [demonic ancestry]
  2576 | D:3      | Reached XP level 5. HP: 33/38 MP: 0/9
  2827 | D:4      | Reached skill level 6 in Necromancy
  2927 | D:4      | Noticed an ogre
  2936 | D:4      | Killed an ogre
  3120 | D:4      | Found a runed translucent door.
  3121 | D:4      | Noticed Crazy Yiuf
  3223 | D:4      | Reached XP level 6. HP: 46/46 MP: 10/10
  4004 | D:4      | Killed Crazy Yiuf
  4121 | D:5      | Entered Level 5 of the Dungeon
  4121 | D:5      | Noticed a water moccasin
  4121 | D:5      | Noticed a water moccasin
  4134 | D:4      | Killed a water moccasin
  4135 | D:4      | Reached skill level 1 in Polearms
  4148 | D:5      | Killed a water moccasin
  4149 | D:5      | Reached skill level 7 in Necromancy
  4149 | D:5      | Reached XP level 7. HP: 31/52 MP: 4/12
  4417 | D:5      | Found a staircase to the Ecumenical Temple.
  4456 | Temple   | Entered the Ecumenical Temple
  4481 | Temple   | Became a worshipper of Kikubaaqudgha
  4695 | D:5      | Gained mutation: You are mostly covered in icy blue scales.
                  | (AC +3) [demonic ancestry]
  4695 | D:5      | Reached XP level 8. HP: 60/60 MP: 14/14
  4727 | D:5      | Reached skill level 8 in Necromancy
  5709 | D:6      | Found an ornate altar of the Wu Jian Council.
  5709 | D:6      | Found a bloodstained altar of Trog.
  5863 | D:7      | Reached * piety under Kikubaaqudgha
  5863 | D:7      | Received a gift from Kikubaaqudgha
  5864 | D:7      | Reached skill level 1 in Armour
  5868 | D:7      | Learned a level 2 spell: Sublimation of Blood
  6120 | D:7      | Reached skill level 9 in Necromancy
  6176 | D:7      | Reached skill level 5 in Polearms
  6176 | D:7      | Reached XP level 9. HP: 62/66 MP: 10/16
  6305 | D:7      | Reached skill level 5 in Spellcasting
  6393 | D:7      | Reached skill level 5 in Fighting
  6657 | D:7      | Identified the +0 barding of the Harp {Rampage Str+3}
  6829 | D:7      | Reached ** piety under Kikubaaqudgha
  7005 | D:7      | Found a shimmering blue altar of Sif Muna.
  7085 | D:8      | Reached skill level 10 in Necromancy
  7530 | D:8      | Found Bicaduog's Distillery.
  7539 | D:8      | Bought a potion of curing for 36 gold pieces
  7539 | D:8      | Bought 2 potions of might for 96 gold pieces
  7545 | D:8      | Identified a scroll of acquirement
  7572 | D:8      | Acquired a +2 bardiche of freezing
  7578 | D:8      | Found a stormy altar of Qazlal.
  7595 | D:8      | Reached XP level 10. HP: 66/76 MP: 14/18
  8008 | D:9      | Reached *** piety under Kikubaaqudgha
  8008 | D:9      | Received a gift from Kikubaaqudgha
  8105 | D:9      | Learned a level 5 spell: Borgnjor's Vile Clutch
  8110 | D:9      | Learned a level 4 spell: Dispel Undead
  8182 | D:9      | Found a basalt altar of Yredelemnul.
  8337 | D:9      | Reached skill level 11 in Necromancy
  8782 | D:9      | Reached **** piety under Kikubaaqudgha
  8870 | D:10     | Entered Level 10 of the Dungeon
  8897 | D:10     | Found a flagged portal.
  8912 | Bailey   | Entered a bailey
  8917 | Bailey   | Noticed an orc warlord
  8988 | Bailey   | Found a runed translucent gate.
  8990 | Bailey   | Found a runed translucent gate.
  8992 | Bailey   | Found a runed translucent gate.
  9121 | Bailey   | Identified the ring "Dudyonk" {Str+4 Slay+4}
  9205 | Bailey   | Demolished by an orc warlord

Illustrated notes

Levels and vault maps discovered:
D:1:      minmay_arrival_glassed_features, layout_loops_ring
D:2:      layout_basic, shapermc_ecumenical_altar_hornbeckon
D:3:      minmay_skewed_foursquare, layout_loops_ring, nicolae_shop_vocational
D:4:      layout_layer_cave, uniq_crazy_yiuf_cottage
D:5:      layout_cave_pools, minmay_temple_entry_slanted
D:6:      layout_basic, gammafunk_temple_overflow_statue
D:7:      layout_loops_ring, lemuel_blue_sif_altar, hangedman_minor_gate_pass
D:8:      layout_basic, mainiacjoe_overflow_concentric_impassable, serial_shops,
          nicolae_shop_industrial_runoff, minmay_microvault
D:9:      layout_stronghold, nicolae_yredelemnul_corpse_copse
D:10:     layout_rooms, lemuel_doored_altar, lightli_bailey_entry_fortress,
          minmay_liquid_box, amcnicky_mini_pool_small, roadster_trireme
Temple:   lightli_temple_of_artemis
Bailey:   bailey_axe_bossmonster_kennysheep, bailey

Skill      XL: |  1  2  3  4  5  6  7  8  9 10 |
---------------+-------------------------------+-----
Fighting       | 1 2 3 4 5 6 |  6.7
Necromancy     | 5 6 7 9 10 11 | 11.1
Dodging        | 2 |  2.0
Spellcasting   | 3 4 5 6 |  6.6
Polearms       | 1 3 5 6 8 |  8.1
Armour         | 1 |  1.4
Stealth        | |  1.7
Earth Magic    | |  0.4

Action                     |  1- 3 |  4- 6 |  7- 9 | 10-12 || total
---------------------------+-------+-------+-------+-------++-------
  Melee: Unarmed           |     5 |       |       |       ||     5
         Short sword       |    36 |    64 |       |       ||   100
         Tailslap          |     3 |     6 |    68 |    20 ||    97
         Punch             |     1 |     1 |     5 |       ||     7
         Trident           |       |    25 |   551 |       ||   576
         Bardiche          |       |       |     9 |   196 ||   205
   Cast: Necrotise         |    63 |    21 |     6 |       ||    90
         Vampiric Draining |       |     9 |    32 |     5 ||    46
         Animate Dead      |       |     1 |     7 |     6 ||    14
         Dispel Undead     |       |       |       |     3 ||     3
 Invoke: Unearth Wretches  |       |       |       |     5 ||     5
  Evoke: Wand              |       |       |       |     1 ||     1
    Use: Scroll            |       |       |    10 |     1 ||    11
         Potion            |       |       |       |     1 ||     1
   Stab: Sleeping          |     1 |     4 |     3 |     2 ||    10
         Distracted        |       |       |     1 |     1 ||     2
         Paralysed         |       |       |       |     2 ||     2
 Armour: Robe              |    17 |    40 |   122 |       ||   179
         Ring mail         |       |       |   254 |   235 ||   489
  Dodge: Dodged            |    40 |    64 |   507 |   282 ||   893

Table legend: (Time is in decaauts)
 A = Elapsed time spent in this place.
 B = Non-inter-level travel time spent in this place.
 C = Inter-level travel time spent in this place.
 D = Time resting spent in this place.
 E = Time spent auto-exploring this place.
 F = Levels seen in this place.
 G = Mean time per level.
                   A        B        C        D        E       F      G
               +--------+--------+--------+--------+--------+-----+--------+
         Total |   9369 |   9091 |    278 |    244 |   6700 |  12 |  780.8 |
       Dungeon |   8991 |   8761 |    230 |    244 |   6572 |  10 |  899.1 |
        Temple |     50 |      2 |     48 |      0 |      0 |   1 |   50.0 |
        Bailey |    327 |    327 |      0 |      0 |    128 |   1 |  327.0 |
               +--------+--------+--------+--------+--------+-----+--------+

Top non-repeatable levels by time:
     D:4: 1441 daAuts
     D:7: 1338 daAuts
     D:9: 1055 daAuts
     D:2: 996 daAuts
     D:3: 980 daAuts
     D:1: 847 daAuts
     D:8: 824 daAuts
     D:5: 739 daAuts
     D:6: 718 daAuts
  Bailey: 327 daAuts
  Temple: 50 daAuts
    D:10: 49 daAuts
